 Dungeon Crawl Stone Soup version 0.29-a0-323-g050149af67 (webtiles) character file.

Game seed: 15693814565127287555

8974 ooooo the Destroyer (level 11, 0/84 HPs)
             Began as an Octopode Conjurer on Apr 11, 2022.
             Was an Initiate of Gozag.
             Succumbed to a black mamba's poison
             ... on level 2 of the Lair of Beasts.
             The game lasted 00:40:30 (17046 turns).

ooooo the Destroyer (Octopode Conjurer)            Turns: 17046, Time: 00:40:31

Health: 0/84       AC:  1    Str: 12    XL:     11   Next: 39%
Magic:  24/28      EV: 13    Int: 31    God:    Gozag
Gold:   525        SH:  0    Dex: 13    Spells: 11/21 levels left

rFire   . . .      SeeInvis +   F - +9 dagger of the Ass {vorpal, *Rage rElec rC+ Dex+2}
rCold   + . .      Faith    .   (no shield)
rNeg    . . .      Spirit   .   (helmet restricted)
rPois   .          Reflect  .   (no amulet)
rElec   +          Harm     .   b - +6 ring of strength
rCorr   .          Rampage  .   n - ring of see invisible
Will    .....      Rage     20% q - +6 ring of intelligence
Stlth   +++.......              s - ring of magical power
HPRegen 0.24/turn               (no ring)
MPRegen 0.21/turn               (no ring)
                                (no ring)
                                (no ring)

@: lethally poisoned (0 -> -13), gold aura
A: almost no armour, amphibious, 8 rings, camouflage 1, gelatinous body 1,
(nimble swimmer 1), tentacles
a: Renounce Religion, Potion Petition, Call Merchant, Bribe Branch


You were on level 2 of the Lair of Beasts.
You worshipped Gozag.
Gozag was pleased with you.
You visited 3 branches of the dungeon, and saw 13 of its levels.

You collected 1433 gold pieces.
You spent 154 gold pieces at shops.
You paid 754 gold pieces to Gozag.

Inventory:

Hand Weapons
 j - a +5 rapier
 C - a +6 short sword of flaming
 F - the +9 dagger of the Ass (weapon) {vorpal, *Rage rElec rC+ Dex+2}
   (You bought it in a shop on level 9 of the Dungeon)

   It inflicts extra damage upon your enemies.
   Dex:       It affects your dexterity (+2).
   rC:        It protects you from cold.
   rElec:     It insulates you from electricity.
   *Rage:     It berserks you when you make melee attacks (+20% chance).
Missiles
 r - 17 poisoned darts (quivered)
 D - a throwing net
Armour
 d - an orb of mayhem
 l - an orb of light
Jewellery
 b - a +6 ring of strength (left tentacle)
 n - a ring of see invisible (right tentacle)
 o - a ring of ice
 q - a +6 ring of intelligence (on tentacle)
 s - a ring of magical power (on tentacle)
 A - a ring of flight
Wands
 p - a wand of flame (41)
 x - a wand of polymorph (9)
 y - a wand of mindburst (12)
Scrolls
 a - a scroll of fear
 i - 5 scrolls of teleportation
 v - a scroll of fog
 G - a scroll of holy word
Potions
 c - a potion of flight
 e - a potion of mutation
 f - a potion of curing
 g - 2 potions of might
 h - 3 potions of heal wounds
 t - a potion of brilliance {unknown}
 z - a potion of degeneration {unknown}
 E - a potion of haste {unknown}


   Skills:
 + Level 11.6 Fighting
 - Level 2.0 Dodging
 - Level 2.6 Stealth
 + Level 5.7 Spellcasting
 + Level 12.3 Conjurations


You had 11 spell levels left.
You knew the following spells:

 Your Spells              Type           Power      Damage    Failure   Level
a - Searing Ray           Conj           100%       2d8       1%          2
c - Fulminant Prism       Conj/Hex       23%        3d13      4%          4
d - Iskenderun's Mystic   Conj/Tloc      47%        2d10      4%          4

Your spell library contained the following spells:

 Spells                   Type           Power      Damage    Failure   Level
 Magic Dart               Conj           100%       1d8       1%          1
 Shock                    Conj/Air       100%       1d9       1%          1
 Static Discharge         Conj/Air       47%        N/A       1%          2
 Dazzling Flash           Conj/Hex       94%        N/A       1%          3
 Animate Skeleton         Necr           16%        N/A       4%          1
 Apportation              Tloc           16%        N/A       4%          1
 Pain                     Necr           32%        1d5       4%          1
 Sting                    Tmut/Pois      32%        1d4       4%          1
 Summon Small Mammal      Summ           32%        N/A       4%          1
 Sticky Flame             Conj/Fire      47%        2d6       4%          4
 Poisonous Vapours        Pois/Air       16%        N/A       8%          2
 Call Canine Familiar     Summ           8%         N/A       16%         3
 Summon Guardian Golem    Hex/Summ       8%         N/A       16%         3
 Swiftness                Air            8%         N/A       16%         3
 Vampiric Draining        Necr           8%         2d6       16%         3
 Airstrike                Air            4%         N/A       45%         4
 Dispel Undead            Necr           8%         3d8       45%         4
 Olgreb's Toxic Radiance  Pois           8%         N/A       45%         4
 Agony                    Necr           8%         N/A       80%         5
 Excruciating Wounds      Necr           4%         N/A       80%         5
 Malign Gateway           Summ/Tloc      4%         N/A       100%        7
 Summon Horrible Things   Summ           4%         N/A       100%        8


Dungeon Overview and Level Annotations

Branches:
Dungeon (9/15)             Temple (1/1) D:6            Lair (3/6) D:9
 Spider (0/4) Lair:3
  Swamp: Lair:2-4    Shoals: Lair:2-4       Orc: D:9-12

Altars:
Ashenzari
Cheibriados
Dithmenos
Elyvilon
Fedhas
Gozag
Hepliaklqana
Kikubaaqudgha
Makhleb
Nemelex Xobeh
Okawaru
Qazlal
Ru
Sif Muna
Trog
Uskayaw
Vehumet
Wu Jian
Xom
Yredelemnul
Zin
The Shining One

Shops:
D:2 [   D:3 *   D:6 (   D:9 (

Annotations:
D:3 1 runed translucent door, Crazy Yiuf


Innate Abilities, Weirdness & Mutations

You cannot wear most types of armour.
You are amphibious.
You can wear up to eight rings at the same time.
Your skin changes colour to match your surroundings (Stealth+).
Your rubbery body absorbs attacks. (AC +1, EV +1)
((You are camouflaged when in or above water. (Stealth+)))
You have tentacles for arms and can constrict up to eight enemies at once.


Message History

You constrict the fungus.
You release your grip on the fungus.
A nearby fungus withers and dies.
A black mamba comes into view.
The black mamba hisses angrily.
The black mamba bites you! x2
You closely miss the black mamba. You grab the black mamba.
You squeeze the black mamba.
The black mamba is lightly wounded.
You constrict the black mamba. The black mamba bites you!!
You are poisoned.
The black mamba poisons you! The black mamba closely misses you.
You hit the black mamba. You squeeze the black mamba.
The black mamba is moderately wounded.
You constrict the black mamba.
You feel very sick. The black mamba bites you.
You puncture the black mamba!
The black mamba is heavily wounded.
You constrict the black mamba, but do no damage.
You feel very sick. The black mamba bites you. The black mamba bites you!
* * * LOW HITPOINT WARNING * * *
You are lethally poisoned!
The black mamba poisons you!
Casting: Searing Ray (safe; 1% risk of failure)
Confirm with . or Enter, or press ? or * to list all spells.
Okay, then.
You feel better.
You constrict the black mamba. The black mamba bites you!
* * * LOW HITPOINT WARNING * * *
The black mamba bites you.
* * * LOW HITPOINT WARNING * * *
You are lethally poisoned!
The black mamba poisons you!
Casting: Searing Ray (safe; 1% risk of failure)
Confirm with . or Enter, or press ? or * to list all spells.
You erupt in a blast of force!
The mystic blast hits the black mamba!
You kill the black mamba!
You die...
Your body crumbles into a pile of gold.

P≈≈≈P≈P≈≈....PP#........
≈≈.≈≈≈P≈P...............
......PP≈...............
............#P..........
............###.........
...........###P....<....
.......^...# ##.........
###.......# #..........
#P#.#...## #..@.......
######...# #.$........
#....###..........#
###....###.#.##....##
###.......##### #...#
#..PP.##.## ...#
##.P.P...## ..##
#..P♣P....## ..
#...P♣PPP..###


There were no monsters in sight!

Vanquished Creatures
  A two-headed ogre (D:8)
  2 black mambas
  Maurice (D:8)
  A torpor snail (Lair:1)
  3 cane toads (Lair:1)
  2 komodo dragons (Lair:1)
  Prince Ribbit (D:5)
  3 blink frogs (Lair:1)
  8 yaks
  A human (D:7)
  4 hogs (D:7)
  Menkaure (D:6)
  An acid dragon (D:8)
  A water moccasin (D:7)
  3 sky beasts
  An orc warrior (D:9)
  A black bear (D:7)
  An ogre (D:6)
  A wolf (Lair:1)
  A centaur (D:7)
  A kobold brigand (D:8)
  7 bullfrogs
  A necrophage (D:5)
  A gnoll sergeant (D:5)
  2 scorpions
  12 wights
  3 howler monkeys (D:7)
  An electric eel (Lair:2)
  An orc priest (D:7)
  3 jellies
  A hound (D:5)
  3 gnoll shamans
  4 iguanas
  5 orc wizards
  23 gnolls
  7 adders
  A shadow imp (D:8)
  2 white imps
  A worm (D:5)
  3 dart slugs
  19 orcs
  3 bats
  4 endoplasms
  A giant cockroach (D:1)
  6 goblins
  5 hobgoblins
  7 jackals
  7 quokkas
  5 ball pythons
  3 frilled lizards
  9 kobolds
  2 rats (D:1)
191 creatures vanquished.

Vanquished Creatures (others)
  65 fulminant prisms
  3 fungi
  14 plants
  A withered plant (D:4)
83 creatures vanquished.

Grand Total: 274 creatures vanquished

Notes
Turn   | Place    | Note
-------+----------+-------------------------------------------
     0 | D:1      | ooooo the Octopode Conjurer began the quest for the Orb.
     0 | D:1      | Reached XP level 1. HP: 11/11 MP: 3/3
    76 | D:1      | Reached skill level 1 in Fighting
    76 | D:1      | Reached XP level 2. HP: 18/18 MP: 0/5
   228 | D:1      | Learned a level 2 spell: Searing Ray
   248 | D:1      | Found a faded altar of an unknown god.
   683 | D:1      | Reached XP level 3. HP: 23/23 MP: 6/6
  1187 | D:2      | Found Mihysisch's Antique Armour Boutique.
  1923 | D:2      | Reached XP level 4. HP: 27/30 MP: 2/7
  2334 | D:3      | You fall into a shaft and drop 3 floors!
  2469 | D:6      | Noticed a scorpion
  2485 | D:6      | Killed a scorpion
  2486 | D:6      | Reached skill level 5 in Conjurations
  2486 | D:6      | Reached XP level 5. HP: 25/36 MP: 1/8
  2591 | D:6      | Noticed a sky beast
  2643 | D:5      | Entered Level 5 of the Dungeon
  2796 | D:4      | Found a glowing silver altar of Zin.
  3182 | D:3      | Found Agruo's General Store.
  3590 | D:3      | Found a runed translucent door.
  3591 | D:3      | Noticed Crazy Yiuf
  4019 | D:4      | Found a basalt altar of Yredelemnul.
  4028 | D:4      | Reached XP level 6. HP: 43/43 MP: 5/9
  4264 | D:4      | Reached skill level 6 in Conjurations
  5059 | D:5      | Reached XP level 7. HP: 27/49 MP: 1/10
  5416 | D:5      | Reached skill level 5 in Fighting
  5896 | D:5      | Reached skill level 7 in Conjurations
  6585 | D:5      | Noticed Prince Ribbit
  6595 | D:5      | Killed Prince Ribbit
  6596 | D:5      | Reached XP level 8. HP: 36/58 MP: 6/11
  6929 | D:6      | Noticed Menkaure
  6936 | D:6      | Killed Menkaure
  7354 | D:6      | Reached skill level 8 in Conjurations
  7581 | D:6      | Found a staircase to the Ecumenical Temple.
  7593 | Temple   | Entered the Ecumenical Temple
  7669 | Temple   | Became a worshipper of Gozag Ym Sagoz the Greedy
  7724 | D:6      | Found a glowing golden altar of the Shining One.
  7739 | D:6      | Found Iwkead's Weapon Shop.
  8203 | D:6      | Learned a level 4 spell: Fulminant Prism
  8208 | D:6      | Learned a level 4 spell: Iskenderun's Mystic Blast
  8923 | D:7      | Reached XP level 9. HP: 58/66 MP: 7/12
  9077 | D:7      | Reached skill level 9 in Conjurations
 10634 | D:7      | Reached skill level 10 in Conjurations
 11068 | D:7      | Found a blossoming altar of Fedhas.
 11074 | D:7      | Found a white marble altar of Elyvilon.
 11074 | D:7      | Found a snail-covered altar of Cheibriados.
 11590 | D:8      | Noticed Maurice
 11757 | D:8      | Noticed a two-headed ogre
 11763 | D:8      | Killed a two-headed ogre
 11764 | D:8      | Reached skill level 10 in Fighting
 11764 | D:8      | Reached XP level 10. HP: 76/76 MP: 10/13
 12002 | D:8      | Reached skill level 11 in Conjurations
 12652 | D:8      | Killed Maurice
 13164 | D:9      | Found a sparkling altar of Nemelex Xobeh.
 14142 | D:9      | Found a staircase to the Lair.
 14476 | D:9      | Bought a slimy dagger for 154 gold pieces
 14476 | D:9      | Identified the +9 dagger of the Ass {vorpal, *Rage rElec
                  | rC+ Dex+2} (You bought it in a shop on level 9 of the
                  | Dungeon)
 14481 | Lair:1   | Entered Level 1 of the Lair of Beasts
 14481 | Lair:1   | Noticed a cane toad
 14485 | Lair:1   | Killed a cane toad
 14486 | Lair:1   | Noticed a cane toad
 14628 | Lair:1   | Killed a cane toad
 14995 | Lair:1   | Noticed a cane toad
 15002 | Lair:1   | Killed a cane toad
 15003 | Lair:1   | Reached XP level 11. HP: 83/83 MP: 10/18
 15212 | Lair:1   | Reached skill level 12 in Conjurations
 15213 | Lair:1   | Reached skill level 5 in Spellcasting
 16517 | Lair:2   | Noticed an eight-headed hydra
 16517 | Lair:2   | You fall into a shaft and drop 1 floor!
 16517 | Lair:3   | Noticed a five-headed hydra
 16517 | Lair:3   | Found a hole to the Spider Nest.
 16522 | Lair:3   | Noticed a catoblepas
 17045 | Lair:2   | HP: 3/84 [black mamba (3)]
 17046 | Lair:2   | Succumbed to a black mamba's poison

Illustrated notes

Levels and vault maps discovered:
D:1:      amcnicky_arrival_single_pillar, layout_basic, serial_glass,
          glass_columns_c, glass_columns_b, glass_columns_a, glass_columns_b,
          glass_columns_a, shapermc_ecumenical_altar_pompeii,
          nicolae_grassy_gnolls
D:2:      layout_basic, serial_shops, nicolae_shop_waterfront,
          serial_bayou_pond_e
D:3:      layout_basic, serial_shops, shop, minmay_misc_feat_pillars,
          uniq_crazy_yiuf_cottage
D:4:      layout_loops_corners, amcnicky_altar_gilded,
          yredelemnul_altar_generic, minmay_tree_intersection
D:5:      layout_basic, uniq_prince_ribbit1
D:6:      layout_basic, mainiacjoe_overflow_concentric_impassable,
          minmay_temple_entry_ruins, serial_shops, shop_statue,
          minmay_hedge_maze, uniq_menkaure
D:7:      layout_loops_corners, gammafunk_temple_overflow_forgotten,
          grunt_livestock, minmay_misc_feat_five,
          hangedman_abyss_or_decor_stagger
D:8:      layout_basic, uniq_maurice
D:9:      layout_loops_ring, nemelex_diamond_rough_becter, lair_entry_dummy,
          minivault_1
Temple:   eino_wide_crystal_templ
Lair:1:   layout_hall_layers, grunt_forest_small_clearings, serial_bayou_pond_e,
          grunt_megastairs_1, lemuel_fruit_tree
Lair:2:   layout_cave_pods, serial_forest, infiniplex_forest_diagonal,
          infiniplex_forest_clump_diagonal, infiniplex_forest_clump_diagonal,
          infiniplex_forest_zigzag_1, infiniplex_forest_straight_2,
          infiniplex_forest_clump_diagonal, infiniplex_forest_lined_4_way,
          serial_bayou_shore_b, serial_bayou_shore_a
Lair:3:   layout_cave_pods, spider_nest_entry_web_field,
          gammafunk_ghost_abyssal_escape, serial_bayou_crossing, uniq_fannar

Skill      XL: |  1  2  3  4  5  6  7  8  9 10 11 |
---------------+----------------------------------+-----
Fighting       | 1 2 3 4 6 7 10 11 | 11.6
Conjurations   | 5 6 7 8 10 11 12 | 12.3
Spellcasting   | 4 5 |  5.7
Dodging        | |  2.0
Stealth        | |  2.6

Action                   |  1- 3 |  4- 6 |  7- 9 | 10-12 || total
-------------------------+-------+-------+-------+-------++-------
Melee: Quarterstaff      |    22 |    19 |       |       ||    41
       Constrict         |     4 |    10 |     4 |     6 ||    24
       Unarmed           |     2 |       |       |       ||     2
       Punch             |     1 |       |       |     2 ||     3
       Tentacles         |     1 |     8 |     3 |     7 ||    19
       Rapier            |       |    28 |    13 |     6 ||    47
       Dagger            |       |       |       |    17 ||    17
Throw: Dart              |       |       |     2 |       ||     2
 Cast: Magic Dart        |    11 |       |       |       ||    11
       Searing Ray       |     8 |    17 |    53 |    13 ||    91
       Fulminant Prism   |       |       |    20 |    45 ||    65
       Iskenderun's Myst |       |       |       |    11 ||    11
Invok: Call Merchant     |       |       |       |     1 ||     1
  Use: Scroll            |     1 |    10 |     5 |     2 ||    18
       Potion            |       |       |     1 |     3 ||     4
 Stab: Sleeping          |     4 |     9 |     3 |     3 ||    19
       Distracted        |       |       |     1 |       ||     1
Armor: Skin              |     4 |     6 |     6 |     3 ||    19
Dodge: Dodged            |    22 |    35 |    41 |    42 ||   140

Table legend: (Time is in decaauts)
 A = Elapsed time spent in this place.
 B = Non-inter-level travel time spent in this place.
 C = Inter-level travel time spent in this place.
 D = Time resting spent in this place.
 E = Time spent auto-exploring this place.
 F = Levels seen in this place.
 G = Mean time per level.
                   A        B        C        D        E       F      G
               +--------+--------+--------+--------+--------+-----+--------+
         Total |  17094 |  16521 |    573 |   6615 |   7580 |  13 | 1314.9 |
       Dungeon |  15391 |  14847 |    544 |   5896 |   7049 |   9 | 1710.1 |
        Temple |     90 |     77 |     13 |      0 |     57 |   1 |   90.0 |
          Lair |   1611 |   1595 |     16 |    719 |    474 |   3 |  537.0 |
               +--------+--------+--------+--------+--------+-----+--------+

Top non-repeatable levels by time:
     D:7: 3545 daAuts
     D:9: 2260 daAuts
     D:5: 2196 daAuts
     D:6: 1641 daAuts
     D:8: 1328 daAuts
  Lair:1: 1239 daAuts
     D:4: 1219 daAuts
     D:1: 1183 daAuts
     D:2: 1019 daAuts
     D:3: 997 daAuts
  Lair:3: 217 daAuts
  Lair:2: 154 daAuts
  Temple: 90 daAuts
